 Dungeon Crawl Stone Soup version 0.17-a0-1829-g68572c6 (webtiles) character file.

3871 DecibelRebel the Bludgeoner (level 10, -1/106 HPs)
             Began as an Ogre Berserker on Sept 13, 2015.
             Was a High Priest of Trog.
             Slain by a killer bee (8 damage)
             ... on level 8 of the Dungeon.
             The game lasted 01:16:38 (8458 turns).

DecibelRebel the Bludgeoner (Ogre Berserker)        Turns: 8458, Time: 01:16:38

Health: -1/106     AC:  4    Str: 24    XL:     10   Next: 19%
Magic:  10/10      EV: 10    Int:  6    God:    Trog [*****.]
Gold:   399        SH:  0    Dex: 12    Spells: 0 memorised, 9 levels left

rFire  + . .     SeeInvis +     b - +3 flail (freeze)
rCold  . . .     Clarity  .     (armour restricted)
rNeg   . . .     SustAt   .     (no shield)
rPois  .         Gourm    .     (helmet restricted)
rElec  .         Spirit   .     T - +2 cloak of the Thief {+Fog Slay-2 SInv Stlth+}
rCorr  .         Warding  .     (gloves unavailable)
rMut   .         Stasis   .     (boots unavailable)
MR     +....                    (no amulet)
Stlth  +++.......               I - ring of protection from fire
                                j - ring of stealth

@: lethally poisoned (-1 -> -5), exhausted, slowed, very slow, somewhat
resistant to hostile enchantments, fairly stealthy
A: unfitting armour, tough skin 1
a: Burn Spellbooks, Berserk, Trog's Hand, Brothers in Arms, Renounce Religion,
Evoke Fog


You were on level 8 of the Dungeon.
You worshipped Trog.
Trog was extremely pleased with you.
You were hungry.

You visited 1 branch of the dungeon, and saw 8 of its levels.
You also visited: Sewer.

You collected 399 gold pieces.

Inventory:

Hand weapons
 b - a +3 flail of freezing (weapon)
 V - a +4 great mace of holy wrath
Armour
 R - a +0 cloak
 T - the +2 cloak of the Thief (worn) {+Fog Slay-2 SInv Stlth+}
   (You found it on level 6 of the Dungeon)

   It affects your accuracy and damage with ranged weapons and melee attacks
   (-2).
   It lets you see invisible.
   It can be evoked to emit clouds of fog.
   It makes you more stealthy.
Jewellery
 j - a ring of stealth (left hand)
 o - an uncursed amulet of stasis
 I - a ring of protection from fire (right hand)
Magical devices
 w - a wand of fire (4)
 z - a wand of slowing (28)
 J - a wand of polymorph (14)
 O - a wand of flame (26)
 Q - a wand of polymorph (14)
Scrolls
 e - 9 scrolls of identify {unknown}
 h - a scroll of noise {unknown}
 i - 2 scrolls of enchant armour {unknown}
 k - 2 scrolls of recharging {unknown}
 l - 3 scrolls of random uselessness {unknown}
 n - 2 scrolls of blinking {unknown}
 q - 4 scrolls of enchant weapon {unknown}
 r - 6 scrolls of remove curse {unknown}
 s - 5 scrolls of amnesia {unknown}
 u - 6 scrolls of teleportation {unknown}
 K - a scroll of immolation {unknown}
 P - a scroll of brand weapon {unknown}
 U - a scroll of magic mapping {unknown}
Potions
 g - 2 potions of cure mutation {unknown}
 m - 2 potions of agility {unknown}
 p - 2 potions of haste {unknown}
 t - a potion of might {unknown}
 v - 2 potions of brilliance {unknown}
 x - 2 potions of degeneration {unknown}
 A - 3 potions of curing
 C - a potion of resistance {unknown}
 D - a potion of beneficial mutation {unknown}
 F - a potion of flight {unknown}
 G - a potion of lignification {unknown}
 M - 2 potions of heal wounds {unknown}
 S - a potion of cancellation {unknown}
Books
 B - Kikubaaqudgha's Incunabulum of Stolen Souls
   (You found it on level 7 of the Dungeon)

   Spells                             Type                      Level
   a - Animate Skeleton               Necromancy                   1
   Trog disapproves of the use of such an item.
Comestibles
 a - 3 chunks of flesh
 c - 2 bread rations
 d - 3 meat rations
 f - 2 royal jellies
 L - 2 fruits


   Skills:
 * Level 8.4 Fighting
 * Level 16.3 Maces & Flails
 + Level 2.9 Dodging


You had 9 spell levels left.
You didn't know any spells.

Dungeon Overview and Level Annotations

Branches:
Dungeon (8/15)             Temple (0/1) D:4
   Lair: D:8-11

Altars:
Elyvilon
Gozag
Kikubaaqudgha
Okawaru
Ru
Sif Muna
Trog
Vehumet


Innate Abilities, Weirdness & Mutations

You are too large for most types of armour.
You have tough skin (AC +1).


Message History

You feel as though you will be slow longer.
You are feeling hungry.
The orc warrior throws a stone.
The stone hits you but does no damage.
You see here a stone.
Zapping:
Q - a wand of polymorph (will waste charges)
Press: ? - help, Shift-Dir - straight line, f - orc warrior
Aim: an orc warrior, wielding a trident and wearing a chain mail (chance to defeat MR: 46%)
The orc warrior evaporates and reforms as a killer bee!
Evoking this partially-identified wand wasted a few charges.
Drink which item? (? for menu, Esc to quit)
You feel better. The killer bee stings you.
* * * LOW HITPOINT WARNING * * *
The killer bee stings you.
* * * LOW HITPOINT WARNING * * *
You are poisoned.
The killer bee poisons you!
You miss the killer bee.
You feel sick. The killer bee stings you!
* * * LOW HITPOINT WARNING * * *
The killer bee stings you!
You die...

# # # # # # # # ######
##########
###....####.....@y(########.
..'.......'........(.)......
###....####....)†..####.###.
# #....# #......(.# # #....#
#........# # #....#
########## #....# ######


You could see a killer bee.

Vanquished Creatures
  Maurice (D:8)
  The ghost of lordfwahfnah the Ruffian, an average DrMo of Xom (D:5)
  A water moccasin (D:8)
  An orc warrior (D:6)
  The ghost of chimenez the Chopper, an average MiFi (D:4)
  3 ice beasts
  A centaur (D:8)
  3 ogres
  2 wasps (D:7)
  A big kobold (D:7)
  8 giant frogs
  A jelly (D:6)
  A scorpion (D:5)
  5 wights (D:7)
  A giant frog zombie (D:6)
  4 orc priests
  A crimson imp (D:5)
  A gnoll shaman (D:8)
  A giant frog skeleton (D:4)
  9 orc wizards
  3 worker ants
  A centaur skeleton (D:5)
  4 iguanas
  4 hounds
  A hound skeleton (D:5)
  12 gnolls
  7 adders
  2 shadow imps (D:6)
  17 oozes
  3 adder skeletons
  5 worms
  15 giant geckos
  33 orcs
  10 ball pythons
  13 bats
  7 hobgoblins
  7 quokkas
  A ball python zombie (D:5)
  29 giant cockroaches
  A giant cockroach zombie (D:6)
  A giant gecko skeleton (D:4)
  8 giant newts
  7 goblins
  8 jackals
  12 kobolds
  A quokka zombie (D:8)
  8 rats
267 creatures vanquished.

Vanquished Creatures (others)
  A kobold (D:3)
  A quokka (D:3)
  A giant cockroach (D:3)
3 creatures vanquished.

Grand Total: 270 creatures vanquished

Notes
Turn   | Place    | Note
--------------------------------------------------------------
     0 | D:1      | DecibelRebel the Ogre Berserker began the quest for the Orb.
     0 | D:1      | Reached XP level 1. HP: 24/24 MP: 1/1
   179 | D:1      | Reached XP level 2. HP: 20/33 MP: 2/2
   314 | D:1      | Reached skill level 5 in Fighting
   770 | D:2      | Reached XP level 3. HP: 39/42 MP: 3/3
   947 | D:2      | Acquired Trog's second power
  1069 | D:2      | Reached skill level 6 in Fighting
  1635 | D:2      | Reached XP level 4. HP: 47/53 MP: 4/4
  1742 | D:3      | Noticed a giant frog
  1759 | D:3      | Killed a giant frog
  1759 | D:3      | Reached XP level 5. HP: 19/61 MP: 5/5
  1901 | D:3      | Reached skill level 7 in Fighting
  1920 | D:3      | Reached skill level 5 in Maces & Flails
  2413 | D:3      | Found a white marble altar of Elyvilon.
  2431 | D:3      | Reached XP level 6. HP: 71/71 MP: 6/6
  2545 | D:3      | Received a gift from Trog
  2648 | D:4      | Found a staircase to the Ecumenical Temple.
  2686 | D:4      | Noticed chimenez's ghost (average MiFi)
  2696 | D:4      | Killed chimenez's ghost
  2831 | D:4      | Reached skill level 8 in Fighting
  2831 | D:4      | Reached XP level 7. HP: 68/80 MP: 7/7
  3950 | D:5      | Entered Level 5 of the Dungeon
  3950 | D:5      | Found a sacrificial altar of Ru.
  3952 | D:5      | Noticed lordfwahfnah's ghost (average DrMo)
  3980 | D:5      | Killed lordfwahfnah's ghost
  3980 | D:5      | Reached skill level 10 in Maces & Flails
  3980 | D:5      | Reached XP level 8. HP: 5/88 MP: 8/8
  4353 | D:5      | Found an iron altar of Okawaru.
  4817 | D:5      | Reached skill level 11 in Maces & Flails
  4926 | D:5      | Found a bloodstained altar of Trog.
  5395 | D:6      | Reached skill level 12 in Maces & Flails
  5486 | D:6      | Found a glowing drain.
  5509 | Sewer    | Entered a sewer
  5661 | Sewer    | Acquired Trog's third power
  5945 | Sewer    | Reached XP level 9. HP: 75/96 MP: 9/9
  5950 | Sewer    | Reached skill level 13 in Maces & Flails
  6335 | D:6      | HP: 1/144 [orc warrior/mace (14)]
  6341 | D:6      | HP: 4/96 [orc warrior/tomahawk (1)]
  6638 | D:6      | Reached skill level 14 in Maces & Flails
  7045 | D:7      | Received a gift from Trog
  7048 | D:7      | Reached skill level 15 in Maces & Flails
  7375 | D:7      | Found an opulent altar of Gozag.
  7419 | D:7      | Found a deep blue altar of Sif Muna.
  7421 | D:7      | Found a radiant altar of Vehumet.
  7421 | D:7      | Found an ancient bone altar of Kikubaaqudgha.
  7426 | D:7      | Identified Vehumet's Reference Book on Conjuration
  7433 | D:7      | Identified Sif Muna's Tome of the Oath
  7440 | D:7      | Identified Kikubaaqudgha's Incunabulum of Stolen Souls
  7847 | D:8      | Noticed Maurice
  7868 | D:8      | Killed Maurice
  7868 | D:8      | Reached skill level 16 in Maces & Flails
  7868 | D:8      | Reached XP level 10. HP: 56/104 MP: 10/10
  8458 | D:8      | Slain by a killer bee

Vault maps used:
D:1:      dpeg_arrival_houses_and_road, minmay_misc_feat_five,
          minmay_box_of_dots
D:2:      minmay_door_path
D:3:      first_bread, elyvilon_altar_4
D:4:      wad_river_or_something, minmay_temple_entry_trees, saegor_snake_ambush
D:5:      lightli_temple_of_fire, nicolae_ru_sacrificial_ziggurat, basic_altar
D:6:      portal_sewer_entry_f
D:7:      grunt_temple_overflow_magic_moments, basic_altar
D:8:      uniq_grum, uniq_maurice
Sewer:    sewer_frog_island_02

Action                   |  1- 3 |  4- 6 |  7- 9 | 10-12 || total
-------------------------+-------+-------+-------+-------++-------
Melee: Mace              |   142 |    79 |       |       ||   221
       Flail             |       |    42 |   114 |    44 ||   200
       Giant spiked club |       |       |   315 |       ||   315
       Great mace        |       |       |    15 |       ||    15
Invok: Berserk           |     1 |     4 |     8 |     1 ||    14
       Trog's Hand       |       |     2 |     4 |       ||     6
       Burn Spellbooks   |       |       |     1 |       ||     1
Evoke: Wand              |       |       |     2 |     1 ||     3
  Use: Potion            |       |       |     2 |     1 ||     3
 Stab: Sleeping          |     2 |     1 |    12 |       ||    15
       Distracted        |       |       |     2 |       ||     2
  Eat: Chunk             |     2 |     9 |    24 |     1 ||    36
       Fruit             |       |       |     1 |       ||     1
       Pizza             |       |       |     1 |       ||     1
       Beef jerky        |       |       |       |     1 ||     1
